 Dungeon Crawl Stone Soup version 0.29.0-15-g675c0067aa (webtiles) character file.

Game seed: 1787934228991416144

3825 qw the Cleaver (level 10, -2/63 HPs)
             Began as a Gargoyle Fighter on Sept 11, 2022.
             Was a Believer of Okawaru.
             Slain by a cyclops (15 damage)
             ... on level 7 of the Dungeon.
             The game lasted 00:02:37 (6214 turns).

qw the Cleaver (Gargoyle Fighter)                   Turns: 6214, Time: 00:02:38

Health: -2/63      AC: 25    Str: 27    XL:     10   Next: 17%
Magic:  12/13      EV: 12    Int:  9    God:    Okawaru [**....]
Gold:   288        SH:  6    Dex:  9    Spells: 9/9 levels left

rFire   + + .      SeeInvis .   Y - +3 war axe (freeze)
rCold   + . .      Faith    .   c - +0 buckler
rNeg    + . .      Spirit   .   l - +10 scale mail "Vaykic" {rF+ rCorr Str+3}
rPois   inf        Reflect  .   (no helmet)
rElec   +          Harm     .   f - scarf {rC+ rF+}
rCorr   +          Rampage  .   (no gloves)
Will    .....                   (no boots)
Stlth   +.........              a - amulet of regeneration
HPRegen 1.00/turn               (no ring)
MPRegen 0.13/turn               (no ring)

@: about to teleport, heroic
A: sickness immunity, AC +7, negative energy resistance 1, electricity
resistance, torment resistance 1, petrification resistance
a: Renounce Religion, Heroism


You were on level 7 of the Dungeon.
You worshipped Okawaru.
Okawaru was pleased with you.
You visited 2 branches of the dungeon, and saw 8 of its levels.

You collected 528 gold pieces.
You spent 240 gold pieces at shops.


Innate Abilities, Weirdness & Mutations

You are immune to sickness and miasma.
Your stone body is resilient. (AC +7)
You are immune to poison.
You resist negative energy. (rN+)
You are resistant to electric shocks. (rElec)
You are resistant to unholy torment.
You are immune to petrification.


   Skills:
 + Level 7.5(12.5) Fighting
 - Level 10.1(15.1) Axes
 - Level 1.6(6.6) Throwing
 - Level 3.2(8.2) Armour
 - Level 3.1(8.1) Dodging
 - Level 5.2(10.2) Shields
 - Level 4.1 Invocations


You had 9 spell levels left.
You didn't know any spells.
Your spell library was empty.

Inventory:

Hand Weapons
 r - a +1 war axe of flaming
 Y - a +3 war axe of freezing (weapon)
Armour
 c - a +0 buckler (worn)
 f - a scarf of resistance (worn)
 l - the +10 scale mail "Vaykic" (worn) {rF+ rCorr Str+3}
   (You found it on level 5 of the Dungeon)

   Str:       It affects your strength (+3).
   rF:        It protects you from fire.
   rCorr:     It protects you from acid and corrosion.
Jewellery
 a - an amulet of regeneration (around neck)
 e - a ring of fire
Scrolls
 m - 3 scrolls of teleportation
 p - a scroll of blinking {unknown}
 q - 3 scrolls of identify
Potions
 b - 2 potions of lignification {unknown}
 d - 2 potions of might
 g - 3 potions of curing
 h - a potion of degeneration {unknown}
 i - a potion of berserk rage {unknown}
 k - 2 potions of attraction {unknown}
 n - 2 potions of haste
 o - a potion of magic

Dungeon Overview and Level Annotations

Branches:
Dungeon (7/15)             Temple (1/1) D:4

Altars:
Ashenzari
Dithmenos
Elyvilon
Fedhas
Gozag
Makhleb
Okawaru
Qazlal
Ru
Sif Muna
Trog
Uskayaw
Vehumet
Wu Jian
Xom
Yredelemnul
Zin
The Shining One

Shops:
D:7 ?


Message History

You gain the combat prowess of a mighty hero.
The yak gores you but does no damage. The yak closely misses you.
You closely miss the yak. The yak gores you but does no damage.
You hit the yak. You freeze the yak.
The yak is lightly wounded.
The yak barely misses you.
You completely miss the yak.
The yak is lightly wounded.
You feel yourself speed up. You block the yak's attack.
You slash the yak! You freeze the yak.
The yak is heavily wounded.
The yak barely misses you.
You hit the yak. You freeze the yak.
The yak is severely wounded.
The yak gores you but does no damage.
You slice the yak!! You freeze the yak.
You kill the yak!
Okawaru accepts your kill.
The centaur wields a +0 shortbow.
The centaur shoots an arrow.
The arrow barely misses you.
The cyclops throws a large rock.
The large rock hits you!!
Ouch! That really hurt!
You hear an angry hiss.
The centaur unwields a +0 shortbow.
The centaur hits you but does no damage.
The centaur misses you. The cyclops hits you!!
There is an open door, spattered with blood here.
You see here a water moccasin corpse.
6213 ||| READING 4 scrolls of teleportation.
As you read the scroll of teleportation, it crumbles to dust.
You feel strangely unstable. The centaur barely misses you.
The centaur kicks you but does no damage.
The centaur closely misses you. You block the centaur's attack.
You barely miss the cyclops. You hit the centaur. You freeze the centaur.
The centaur hits you but does no damage.
The centaur closely misses you. The cyclops hits you!
You die...

#...'... #...#... #+#
###+###.#+#... ..###
##..#..#.#.##+# #...# #.#)
=#.#.#.#.'.[... #...+ .'.#
#.+.#.#.'.#..... #...#
#).#.:#.#.#.#.#..... #...#
#cC)##..#..#.#....#
+###...###+#####@#
###'###.######
.......#..##.#...###.....#.#
.......#.#..##.#..##.#.#.#....
..
.......'#)..#%..#..+##.##+...
.. .......##..#.##..#.#.#.#.#..
.#
.......#.##..###...#.....#.####
######.###+#####'#####'###.....
#.........................
#.......#.................


You could see a cyclops and a centaur.

Vanquished Creatures
  Maggie (D:7)
  An unseen horror (D:7)
  Grinder (D:6)
  Sigmund (D:3)
  A shadow (D:7)
  A wraith (D:7)
  A yak (D:7)
  2 water moccasins (D:7)
  Duvessa (D:5)
  An ice beast (D:6)
  2 orc warriors
  3 black bears
  2 sky beasts (D:7)
  2 ogres
  Blork the orc (D:6)
  4 necrophages
  3 scorpions
  Dowan (D:5)
  A water moccasin zombie (D:3)
  2 howler monkeys
  A jelly (D:4)
  An orc priest (D:3)
  9 iguanas
  4 orc wizards
  4 adders
  3 gnolls (D:5)
  2 white imps
  3 ufetubi
  An adder zombie (D:3)
  A worm (D:2)
  2 dart slugs
  16 orcs
  5 ball pythons
  11 bats
  9 endoplasms
  2 giant cockroaches (D:1)
  2 hobgoblins (D:1)
  4 quokkas
  A ball python zombie (D:3)
  5 frilled lizards
  5 goblins
  10 kobolds
  7 rats
140 creatures vanquished.

Vanquished Creatures (others)
  4 toadstools (D:1)
4 creatures vanquished.

Grand Total: 144 creatures vanquished

Notes
Turn   | Place    | Note
-------+----------+-------------------------------------------
     0 | D:1      | qw the Gargoyle Fighter began the quest for the Orb.
     0 | D:1      | Reached XP level 1. HP: 14/14 MP: 1/1
     0 | D:1      | 0 ||| qw: Version: 0.1-a-119-g272c26d
     0 | D:1      | 0 ||| qw: Game counter: 10678
     0 | D:1      | 0 ||| qw: Always use a shield: true
     0 | D:1      | 0 ||| qw: God list: Okawaru
     0 | D:1      | 0 ||| qw: Allow faded altars: false
     0 | D:1      | 0 ||| qw: Do Orc after D:15 true
     0 | D:1      | 0 ||| qw: Do second Lair branch before Depths: true
     0 | D:1      | 0 ||| qw: Lair rune preference: random
     0 | D:1      | 0 ||| qw: Plans: Normal, Zot, God:TSO, Crypt, Tomb, Pan,
                  | Slime, Hells, Zig, Abyss, Orb
     0 | D:1      | 0 ||| PLANNING D:1-11
    84 | D:1      | Reached skill level 2 in Axes
   289 | D:1      | Reached XP level 2. HP: 19/19 MP: 2/2
   516 | D:1      | 516 ||| Stepping ~*~*~tactically~*~*~ (stealth).
   517 | D:1      | 517 ||| Stepping ~*~*~tactically~*~*~ (stealth).
   594 | D:1      | 594 ||| Stepping ~*~*~tactically~*~*~ (stealth).
   598 | D:1      | 598 ||| Stepping ~*~*~tactically~*~*~ (stealth).
   599 | D:1      | 599 ||| Stepping ~*~*~tactically~*~*~ (stealth).
   602 | D:1      | 602 ||| Stepping ~*~*~tactically~*~*~ (stealth).
   603 | D:1      | 603 ||| Stepping ~*~*~tactically~*~*~ (stealth).
   606 | D:1      | 606 ||| Stepping ~*~*~tactically~*~*~ (stealth).
   638 | D:1      | 638 ||| Stepping ~*~*~tactically~*~*~ (stealth).
   649 | D:1      | 649 ||| Stepping ~*~*~tactically~*~*~ (stealth).
   650 | D:1      | 650 ||| Stepping ~*~*~tactically~*~*~ (stealth).
   656 | D:1      | 656 ||| Stepping ~*~*~tactically~*~*~ (stealth).
   657 | D:1      | 657 ||| Stepping ~*~*~tactically~*~*~ (stealth).
   659 | D:1      | 659 ||| Stepping ~*~*~tactically~*~*~ (stealth).
   660 | D:1      | 660 ||| Stepping ~*~*~tactically~*~*~ (stealth).
   669 | D:1      | 669 ||| Stepping ~*~*~tactically~*~*~ (stealth).
   743 | D:1      | 743 ||| DROPPING +0 whip.
   757 | D:1      | 757 ||| Stepping ~*~*~tactically~*~*~ (stealth).
   762 | D:1      | Reached skill level 3 in Axes
   819 | D:1      | Reached XP level 3. HP: 22/23 MP: 3/3
  1075 | D:1      | 1075 ||| Stepping ~*~*~tactically~*~*~ (hiding).
  1185 | D:1      | Found a faded altar of an unknown god.
  1416 | D:1      | 1416 ||| READING 2 scrolls labelled RIEGUPT YCLANG.
  1417 | D:1      | 1417 ||| READING scroll labelled QUAMMO KEMONE.
  1418 | D:1      | 1418 ||| READING scroll labelled OSALER NALUNI.
  1419 | D:1      | 1419 ||| READING scroll labelled OSOOHA XAUXKE.
  1420 | D:1      | 1420 ||| READING scroll labelled ULLESO IP UROL.
  1421 | D:1      | 1421 ||| READING scroll labelled YRCHASTYMUH.
  1422 | D:1      | 1422 ||| READING scroll labelled WIAROG EFAOSCH.
  1523 | D:1      | 1523 ||| DRINKING 2 fuming green potions.
  1524 | D:1      | 1524 ||| DROPPING scroll of fear.
  2410 | D:2      | 2410 ||| UPGRADING to amulet of regeneration.
  2415 | D:2      | 2415 ||| DROPPING amulet of faith.
  2416 | D:2      | 2416 ||| READING scroll labelled FUOS NOLUYL.
  2417 | D:2      | 2417 ||| DRINKING 2 brown potions.
  2418 | D:2      | 2418 ||| DROPPING potion of brilliance.
  2449 | D:3      | 2449 ||| STAIRDANCE
  2454 | D:2      | Reached XP level 4. HP: 28/28 MP: 4/4
  2459 | D:3      | 2459 ||| STAIRDANCE
  2640 | D:3      | 2640 ||| Stepping ~*~*~tactically~*~*~ (hiding).
  2655 | D:3      | HP: 4/28 [orc priest/divine providence (13)]
  2656 | D:3      | 2656 ||| DRINKING potion of heal wounds.
  2660 | D:3      | Reached skill level 4 in Axes
  2672 | D:3      | Reached XP level 5. HP: 32/32 MP: 5/5
  2714 | D:3      | Reached skill level 5 in Axes
  2722 | D:3      | Found a basalt altar of Yredelemnul.
  2803 | D:3      | 2803 ||| UPGRADING to scarf of resistance.
  2819 | D:3      | 2819 ||| UPGRADING to +0 chain mail.
  2829 | D:3      | 2829 ||| DROPPING +0 scale mail.
  2848 | D:3      | 2848 ||| READING scroll labelled KAJ TUIGGOEPAOF.
  2849 | D:3      | 2849 ||| READING 2 scrolls labelled KUICIE GINE.
  2850 | D:3      | 2850 ||| DRINKING 2 green potions.
  2851 | D:3      | 2851 ||| DROPPING scroll of poison.
  2852 | D:3      | 2852 ||| Stepping randomly (stuck).
  2853 | D:3      | 2853 ||| Stepping randomly (stuck).
  2854 | D:3      | 2854 ||| Stepping randomly (stuck).
  2855 | D:3      | 2855 ||| Stepping randomly (stuck).
  2856 | D:3      | 2856 ||| Stepping randomly (stuck).
  2857 | D:3      | 2857 ||| Stepping randomly (stuck).
  2858 | D:3      | 2858 ||| Stepping randomly (stuck).
  2859 | D:3      | 2859 ||| Stepping randomly (stuck).
  2860 | D:3      | 2860 ||| Stepping randomly (stuck).
  2861 | D:3      | 2861 ||| Stepping randomly (stuck).
  2863 | D:3      | 2863 ||| Stepping randomly (stuck).
  2865 | D:3      | 2865 ||| Stepping randomly (stuck).
  2866 | D:3      | 2866 ||| Stepping randomly (stuck).
  2867 | D:3      | 2867 ||| Stepping randomly (stuck).
  2940 | D:3      | Noticed Sigmund
  2941 | D:3      | 2941 ||| Stepping ~*~*~tactically~*~*~ (hiding).
  2952 | D:3      | Killed Sigmund
  2953 | D:3      | Reached XP level 6. HP: 40/40 MP: 6/6
  2960 | D:3      | Identified the +1 robe "Etuepid" {rPois rC+ rCorr}
  3406 | D:4      | 3406 ||| Stepping ~*~*~tactically~*~*~ (stealth).
  3620 | D:4      | 3620 ||| DROPPING +0 flail.
  3633 | D:4      | Noticed a black bear
  3638 | D:4      | Killed a black bear
  3639 | D:4      | Reached XP level 7. HP: 44/44 MP: 7/7
  3641 | D:4      | Found a staircase to the Ecumenical Temple.
  3642 | D:4      | 3642 ||| PLANNING TEMPLE
  3642 | D:4      | 3642 ||| FLEEEEING.
  3652 | D:4      | 3652 ||| READING scroll labelled VOSUQY NIYHOLL.
  3653 | D:4      | 3653 ||| FLEEEEING.
  3654 | D:4      | 3654 ||| STAIRDANCE
  3656 | D:3      | 3656 ||| READING scroll labelled GAPIPHI COMN.
  3660 | D:4      | 3660 ||| STAIRDANCE
  3684 | Temple   | Entered the Ecumenical Temple
  3880 | Temple   | 3880 ||| PLANNING D:1-11
  3888 | Temple   | Became a worshipper of Warmaster Okawaru
  4067 | D:4      | 4067 ||| READING scroll of enchant weapon.
  4067 | D:4      | 4067 ||| ENCHANTING +1 vorpal war axe.
  4186 | D:4      | Reached skill level 6 in Axes
  4261 | D:4      | Reached skill level 1 in Dodging
  4289 | D:5      | Entered Level 5 of the Dungeon
  4373 | D:5      | 4373 ||| Stepping ~*~*~tactically~*~*~ (stealth).
  4374 | D:5      | 4374 ||| Stepping ~*~*~tactically~*~*~ (stealth).
  4426 | D:5      | Found a broken altar of Ashenzari.
  4562 | D:5      | 4562 ||| READING scroll of enchant weapon.
  4562 | D:5      | 4562 ||| ENCHANTING +2 vorpal war axe.
  4650 | D:5      | 4650 ||| Stepping ~*~*~tactically~*~*~ (hiding).
  4655 | D:5      | 4655 ||| Stepping ~*~*~tactically~*~*~ (hiding).
  4662 | D:5      | Reached skill level 7 in Axes
  4662 | D:5      | Reached XP level 8. HP: 49/49 MP: 8/8
  4685 | D:5      | Identified the +10 scale mail "Vaykic" {rF+ rCorr Str+3}
  4733 | D:5      | Reached skill level 1 in Throwing
  4753 | D:5      | Noticed Dowan
  4770 | D:5      | Killed Dowan
  4770 | D:5      | Reached * piety under Okawaru
  4771 | D:5      | Noticed Duvessa
  4772 | D:5      | 4772 ||| INVOKING Heroism.
  4773 | D:5      | 4773 ||| INVOKING Heroism.
  4784 | D:5      | 4784 ||| INVOKING Heroism.
  4784 | D:5      | HP: 7/49 [Duvessa/+0 short sword (9)]
  4787 | D:5      | Killed Duvessa
  5128 | D:5      | 5128 ||| DROPPING +1 robe "Etuepid" {rPois rC+ rCorr}.
  5129 | D:5      | 5129 ||| UPGRADING to +10 scale mail "Vaykic" {rF+ rCorr
                  | Str+3}.
  5139 | D:5      | 5139 ||| DROPPING +0 chain mail.
  5140 | D:5      | 5140 ||| DROPPING amulet of guardian spirit.
  5141 | D:5      | 5141 ||| READING 2 scrolls labelled TADGHALALL GESOM.
  5145 | D:5      | 5145 ||| DRINKING 4 amethyst potions.
  5146 | D:5      | 5146 ||| DRINKING 2 blue potions.
  5159 | D:6      | 5159 ||| STAIRDANCE
  5168 | D:6      | 5168 ||| STAIRDANCE
  5170 | D:5      | 5170 ||| INVOKING Heroism.
  5173 | D:5      | Reached skill level 8 in Axes
  5198 | D:6      | 5198 ||| STAIRDANCE
  5206 | D:5      | Reached skill level 6 in Fighting
  5208 | D:6      | 5208 ||| STAIRDANCE
  5213 | D:5      | Reached skill level 1 in Invocations
  5299 | D:6      | Noticed Blork the orc
  5300 | D:6      | 5300 ||| INVOKING Heroism.
  5311 | D:6      | Killed Blork the orc
  5334 | D:6      | Found a glowing silver altar of Zin.
  5397 | D:6      | 5397 ||| DROPPING +0 morningstar.
  5403 | D:6      | 5403 ||| Stepping ~*~*~tactically~*~*~ (stealth).
  5404 | D:6      | 5404 ||| Stepping ~*~*~tactically~*~*~ (stealth).
  5417 | D:6      | Reached skill level 3 in Invocations
  5417 | D:6      | Reached XP level 9. HP: 55/55 MP: 11/11
  5484 | D:6      | 5484 ||| Stepping ~*~*~tactically~*~*~ (stealth).
  5560 | D:6      | Found a radiant altar of Vehumet.
  5560 | D:6      | Noticed Grinder
  5561 | D:6      | 5561 ||| INVOKING Heroism.
  5568 | D:6      | Killed Grinder
  5589 | D:6      | Found an opulent altar of Gozag.
  5592 | D:6      | Found a blossoming altar of Fedhas.
  5595 | D:6      | Found a hide-covered altar of Uskayaw.
  5728 | D:6      | 5728 ||| INVOKING Heroism.
  5851 | D:7      | 5851 ||| INVOKING Heroism.
  5856 | D:7      | Reached skill level 9 in Axes
  5955 | D:7      | Found Cull's Magic Scroll Boutique.
  5965 | D:7      | 5965 ||| BUYING 2 scrolls of identify (52 gold).
  5965 | D:7      | Bought 2 scrolls of identify for 52 gold pieces
  5965 | D:7      | 5965 ||| BUYING scroll of brand weapon (123 gold).
  5965 | D:7      | Bought a scroll of brand weapon for 123 gold pieces
  5965 | D:7      | 5965 ||| BUYING scroll of identify (26 gold).
  5965 | D:7      | Bought a scroll of identify for 26 gold pieces
  5965 | D:7      | 5965 ||| BUYING scroll of teleportation (39 gold).
  5965 | D:7      | Bought a scroll of teleportation for 39 gold pieces
  5965 | D:7      | 5965 ||| READING scroll of brand weapon.
  5965 | D:7      | 5965 ||| BRANDING +3 vorpal war axe.
  5969 | D:7      | Noticed Maggie
  5979 | D:7      | 5979 ||| INVOKING Heroism.
  5980 | D:7      | Killed Maggie
  5999 | D:7      | 5999 ||| DROPPING +1 morningstar of holy wrath.
  6016 | D:7      | 6016 ||| Stepping ~*~*~tactically~*~*~ (stealth).
  6033 | D:7      | 6033 ||| Stepping ~*~*~tactically~*~*~ (hiding).
  6034 | D:7      | 6034 ||| INVOKING Heroism.
  6088 | D:7      | Reached ** piety under Okawaru
  6128 | D:7      | 6128 ||| INVOKING Heroism.
  6181 | D:7      | Found the +6 arbalest "Damnation" {damnation}
  6181 | D:7      | Noticed a cyclops
  6182 | D:7      | 6182 ||| INVOKING Heroism.
  6198 | D:7      | Reached skill level 10 in Axes
  6198 | D:7      | Reached XP level 10. HP: 55/63 MP: 11/13
  6200 | D:7      | Killed an unseen horror
  6201 | D:7      | Reached skill level 3 in Dodging
  6205 | D:7      | 6205 ||| INVOKING Heroism.
  6212 | D:7      | HP: 12/63 [cyclops (18)]
  6213 | D:7      | 6213 ||| READING 4 scrolls of teleportation.
  6214 | D:7      | Slain by a cyclops

Levels and vault maps discovered:
D:1:      mushboom_english_gardens, layout_loops_cross,
          ebering_ecumenical_altar_mist, minmay_gold_behind_fungi,
          minmay_misc_feat_ornament, minivault_5, nicolae_eternal_life
D:2:      layout_loops_ring
D:3:      layout_loops_ring, nicolae_yredelemnul_corpse_copse,
          hangedman_glass_teeth, uniq_sigmund
D:4:      layout_loops_ring, minmay_temple_entry_junction
D:5:      layout_basic, nicolae_ashenzari_skybound, uniq_duvessa
D:6:      black_bear_nest_1, layout_cave_pools, mainiacjoe_overflow_chevrons,
          grunt_temple_overflow_cloverleaf, minmay_misc_feat_nine_boxes,
          uniq_blork_the_orc, uniq_grinder
D:7:      minmay_the_grid_square_5x5_3x3 [minmay_the_grid_square_5x5_bracketed,
          minmay_the_grid_square_5x5_sharp_hourglass,
          minmay_the_grid_square_5x5_plus,
          minmay_the_grid_square_5x5_hollow_slash,
          minmay_the_grid_square_5x5_megaprize_diamond,
          minmay_the_grid_square_5x5_meh, minmay_the_grid_square_5x5_gyroscope,
          minmay_the_grid_square_5x5_hourglass,
          minmay_the_grid_square_5x5_three_walls], layout_gridville,
          nemelex_diamond_rough_becter, tgw_kikubaaqudgha, serial_shops, shop,
          uniq_prince_ribbit1, uniq_maggie
Temple:   minmay_temple_curvy_loop

Skill      XL: |  1  2  3  4  5  6  7  8  9 10 |
---------------+-------------------------------+-----
Axes           | 2 3 4 5 7 8 10 | 10.1
Fighting       | 5 6 7 |  7.5
Dodging        | 1 3 |  3.1
Throwing       | 1 |  1.6
Invocations    | 3 4 |  4.1
Shields        | 5 |  5.2
Armour         | |  3.2

Action                   |  1- 3 |  4- 6 |  7- 9 | 10-12 || total
-------------------------+-------+-------+-------+-------++-------
Melee: War axe           |   119 |    96 |   222 |    14 ||   451
Throw: Boomerang         |       |    14 |    25 |       ||    39
Invok: Heroism           |       |       |    11 |     1 ||    12
  Use: Scroll            |     8 |     2 |     6 |     1 ||    17
       Potion            |     2 |     2 |     2 |       ||     6
Armor: Scale mail        |    65 |    37 |    70 |    13 ||   185
       Chain mail        |       |    32 |    65 |       ||    97
Dodge: Dodged            |    68 |    45 |    70 |    11 ||   194
Block: Buckler           |    15 |    23 |    39 |     3 ||    80

Table legend:
 A = Non-vault XP
 B = Vault XP
 C = Vault XP percentage of total XP
 D = Non-vault monster count
 E = Vault monster count
 F = Vault count percentage of total count
                 A         B        C        D         E       F
            +---------+---------+-------+---------+---------+-------
      Total |    2557 |    2908 |  53.2 |     121 |      19 |  13.6
            +---------+---------+-------+---------+---------+-------
        D:1 |      45 |       0 |   0.0 |      27 |       0 |   0.0
        D:2 |      37 |       0 |   0.0 |      15 |       0 |   0.0
        D:3 |     132 |     308 |  70.0 |      23 |       4 |  14.8
        D:4 |     417 |       0 |   0.0 |      16 |       0 |   0.0
        D:5 |     827 |     219 |  20.9 |      27 |       2 |   6.9
        D:6 |     343 |     527 |  60.6 |       6 |       3 |  33.3
        D:7 |     756 |    1854 |  71.0 |       7 |      10 |  58.8
            +---------+---------+-------+---------+---------+-------
